 Dungeon Crawl Stone Soup version 0.20-a0-2-g2b0e13a (webtiles) character file.

1618 TheGoonsmith the Slicer (level 8, -5/36 HPs)
             Began as a Spriggan Enchanter on Oct 30, 2016.
             Was a Follower of Ashenzari.
             Killed by divine providence
             ... invoked by an orc priest
              (9 damage)
             ... on level 6 of the Dungeon.
             The game lasted 00:10:48 (5562 turns).

TheGoonsmith the Slicer (Spriggan Enchanter)        Turns: 5562, Time: 00:10:48

Health: -5/36      AC:  5    Str:  4    XL:     8   Next: 64%
Magic:  0/13       EV: 23    Int: 17    God:    Ashenzari [*.....]
Gold:   368        SH:  0    Dex: 18    Spells: 4 memorised, 1 level left

rFire  . . .     SeeInvis +     j - +2 dagger (venom) (curse)
rCold  . . .     Gourm    .     b - +1 robe
rNeg   . . .     Faith    .     (shield restricted)
rPois  .         Spirit   +     (helmet restricted)
rElec  .         Reflect  .     v - +1 cloak (curse)
rCorr  .         Harm     .     (gloves unavailable)
MR     +....                    (boots unavailable)
Stlth  +++++.....               g - amulet of guardian spirit
                                (no ring)
                                k - ring of stealth

@: very quick
A: unfitting armour, see invisible, herbivore 3, speed 3, slow metabolism 2
a: Curse Item, Scrying, Renounce Religion


You were on level 6 of the Dungeon.
You worshipped Ashenzari.
Ashenzari was aware of your devotion.
You were hungry.

You visited 1 branch of the dungeon, and saw 6 of its levels.
You also visited: Sewer.

You collected 368 gold pieces.

Inventory:

Hand Weapons
 a - a +1 dagger
 j - a cursed +2 dagger of venom (weapon)
 y - a +0 blowgun
Missiles
 s - 41 poisoned needles
Armour
 b - a +1 robe (worn)
 v - a cursed +1 cloak (worn)
Jewellery
 g - an amulet of guardian spirit (around neck)
 k - a ring of stealth (left hand)
Wands
 n - a wand of polymorph (10/24)
 p - a wand of acid (0/15)
 C - a wand of lightning (6/15)
 F - a wand of paralysis (13/24)
Scrolls
 f - 4 scrolls of teleportation
 i - 2 scrolls of magic mapping
 l - 2 scrolls of amnesia
 o - a scroll of remove curse
 r - 2 scrolls of identify
 A - a scroll of recharging
Potions
 e - a potion of agility
 h - a potion of resistance {unknown}
 m - a potion of invisibility {unknown}
 q - 3 potions of flight
 t - 2 potions of heal wounds
 u - a potion of brilliance {unknown}
 x - a potion of mutation {unknown}
 z - 2 potions of cure mutation
 D - 5 potions of curing {unknown}
Books
 c - a book of Maledictions

   Spells                             Type                      Level
   a - Corona                         Hexes                        1
   b - Ensorcelled Hibernation        Hexes/Ice                    2
   c - Confuse                        Hexes                        3
   d - Tukima's Dance                 Hexes                        3
   e - Dazzling Spray                 Conjuration/Hexes            3
 w - a book of Minor Magic

   Spells                             Type                      Level
   a - Magic Dart                     Conjuration                  1
   b - Blink                          Translocation                2
   c - Call Imp                       Summoning                    2
   d - Repel Missiles                 Charms/Air                   2
   e - Slow                           Hexes                        2
   f - Conjure Flame                  Conjuration/Fire             3
   g - Mephitic Cloud                 Conjuration/Poison/Air       3
Comestibles
 d - 7 bread rations
 E - 3 fruits


   Skills:
 * Level 9.8 Short Blades
 - Level 7.3 Dodging
 - Level 8.0 Stealth
 - Level 2.6 Spellcasting
 - Level 3.6 Hexes


You had one spell level left.
You knew the following spells:

 Your Spells              Type           Power        Failure   Level  Hunger
a - Dazzling Spray        Conj/Hex       #.....       30%         3    ###....
b - Tukima's Dance        Hex            ##......     14%         3    ###....
c - Confuse               Hex            ##......     14%         3    ###....
r - Repel Missiles        Chrm/Air       #.....       30%         2    ##.....


Dungeon Overview and Level Annotations

Branches:
Dungeon (6/15)             Temple (0/1) D:6

Altars:
Ashenzari


Innate Abilities, Weirdness & Mutations

You are very small and have problems with some larger weapons.
You are too small for most types of armour.
You have supernaturally acute eyesight. (SInv)
You are a herbivore.
You cover ground extremely quickly.
You need consume almost no food.


Message History

The orc warrior hits you but does no damage.
You hit the orc warrior.
The orc warrior looks as sick as possible!
The orc warrior is lightly wounded.
You hit the orc warrior but do no damage.
The orc warrior looks as sick as possible!
The orc warrior is lightly wounded.
You barely miss the orc warrior.
The orc warrior is moderately wounded.
The orc warrior misses you.
You hit the orc warrior but do no damage.
The orc warrior looks as sick as possible!
The orc warrior is moderately wounded.
The orc priest hits you with a flail of holy wrath.
The orc priest mumbles some strange prayers to Beogh against you.
Beogh smites you!
* * * LOW HITPOINT WARNING * * *
The orc priest calls down the wrath of Beogh upon you.
Beogh smites you!
You die...

...# #....o...# ...####
##o.#...#.#
......########.o####.#.#
...##..%........# #...#
...#########..#.# ##..#
...# #..#o# #..# ...#
####.# #..# ..##
#####.######.###### ...#
#.....@.<# #o.....# ...#
#........# #..o...# ...#
#........# #o....!# ..##
#........# #......# .##
#.......(# #......# ##
#........# ##.....#
#........# #.....#
########## #.....#
#.....#


You could see an orc warrior and 2 orc priests.

Vanquished Creatures
  Grinder (D:3)
  An ice beast (D:5)
  An ogre (D:4)
  2 big kobolds
  A scorpion (D:4)
  5 wights
  5 killer bees (D:4)
  3 crimson imps
  A bullfrog skeleton (D:4)
  2 hounds (D:4)
  An orc priest (D:4)
  Ijyb (D:2)
  Terence (D:2)
  An iguana (D:4)
  An orc wizard (D:4)
  4 worker ants
  A hound zombie (D:6)
  3 gnolls (D:5)
  3 adders
  2 river rats (Sewer)
  2 shadow imps (D:5)
  3 oozes
  A dart slug (D:4)
  4 leopard geckos
  4 orcs
  6 bats
  4 giant cockroaches
  7 goblins
  7 hobgoblins
  12 jackals
  A quokka (D:6)
  6 frilled lizards
  19 kobolds
  A leopard gecko zombie (D:5)
  12 rats
129 creatures vanquished.

Notes
Turn   | Place    | Note
-------+----------+-------------------------------------------
     0 | D:1      | TheGoonsmith the Spriggan Enchanter began the quest for the Orb.
     0 | D:1      | Reached XP level 1. HP: 9/9 MP: 5/5
   177 | D:1      | Reached skill level 2 in Short Blades
   177 | D:1      | Reached XP level 2. HP: 13/13 MP: 6/6
   683 | D:2      | Reached skill level 5 in Stealth
   759 | D:2      | Noticed Terence
   770 | D:2      | Killed Terence
   770 | D:2      | Reached XP level 3. HP: 7/16 MP: 4/8
  1044 | D:2      | Reached skill level 3 in Short Blades
  1325 | D:2      | Reached XP level 4. HP: 21/21 MP: 9/9
  1411 | D:2      | Noticed Ijyb
  1413 | D:2      | Killed Ijyb
  1635 | D:3      | Found a glowing drain.
  1658 | Sewer    | Entered a sewer
  1679 | Sewer    | Reached XP level 5. HP: 8/24 MP: 3/10
  1947 | Sewer    | Reached skill level 4 in Short Blades
  1989 | Sewer    | Found a white marble altar of Elyvilon.
  2046 | D:3      | Noticed Grinder
  2090 | D:2      | Learned a level 3 spell: Confuse
  2094 | D:2      | Learned a level 3 spell: Tukima's Dance
  2135 | D:3      | Found a shattered altar of Ashenzari.
  2171 | D:3      | Became a worshipper of Ashenzari the Shackled
  2227 | D:3      | Killed Grinder
  2227 | D:3      | Reached skill level 5 in Short Blades
  2227 | D:3      | Reached skill level 5 in Dodging
  2227 | D:3      | Reached XP level 6. HP: 14/28 MP: 6/11
  2997 | D:4      | Learned a level 3 spell: Dazzling Spray
  3041 | D:4      | Reached XP level 7. HP: 32/32 MP: 12/12
  3188 | D:4      | Learned a level 2 spell: Repel Missiles
  3212 | D:4      | Reached skill level 6 in Short Blades
  3531 | D:4      | Reached skill level 7 in Short Blades
  3632 | D:4      | Reached XP level 8. HP: 35/36 MP: 6/13
  3964 | D:5      | Entered Level 5 of the Dungeon
  4159 | D:5      | Reached skill level 8 in Short Blades
  4731 | D:5      | Reached skill level 9 in Short Blades
  5029 | D:5      | Reached * piety under Ashenzari
  5332 | D:6      | Found a staircase to the Ecumenical Temple.
  5562 | D:6      | Killed from afar by an orc priest

Vault maps used:
D:1:      saegor_arrival_simple_c
D:2:      uniq_iyjb, uniq_terence
D:3:      cheibrodos_thug_alley, portal_sewer_entry_a, kennysheep_cross_room,
          minmay_statues_item, ashenzari_altar_1, uniq_grinder
D:5:      first_bread, kennysheep_doodads
Sewer:    sewer_kobolds

Skill      XL: |  1  2  3  4  5  6  7  8 |
---------------+-------------------------+-----
Short Blades   | 2 3 5 7 9 |  9.8
Stealth        | 5 6 7 8 |  8.0
Dodging        | 4 5 7 |  7.3
Spellcasting   | |  2.6
Hexes          | |  3.6

Action                   |  1- 3 |  4- 6 |  7- 9 || total
-------------------------+-------+-------+-------++-------
Melee: Dagger            |    92 |   161 |   282 ||   535
Invok: Curse Item        |       |     1 |     1 ||     2
Evoke: Wand              |       |     3 |     4 ||     7
  Use: Scroll            |       |     7 |     5 ||    12
       Potion            |       |       |     3 ||     3
 Stab: Sleeping          |    12 |    13 |     8 ||    33
       Distracted        |       |     1 |       ||     1
  Eat: Royal jelly       |       |       |     1 ||     1
Armor: Robe              |     5 |    13 |    19 ||    37
Dodge: Dodged            |    47 |    88 |   185 ||   320
